Map: 2000 Atmospheres LE

Players

BattleB

  • Race: Terran Terran

PtitDrogo - Winner!

  • Race: Protoss Protoss

Event: DreamHack SC2 Masters 2021 Winter

VOD

Have the link to the VOD?

Description

Time

  • Played on: Oct. 10, 2021, 12:37 p.m.
  • Length: 9:26

All games in this series

Show
View Real Time Build Order
Export as new Build Order

BattleB Terran 

Build Orders: Cyclone Opening 

Get SALT Encoding   

  12  0:00  SCV  
  13  0:12  SCV  
  14  0:17  Supply Depot  
  14  0:24  SCV  
  15  0:38  SCV  
  15  0:39  Barracks  
  16  0:44  Refinery  
  16  0:50  SCV  
  17  1:02  SCV  
  18  1:04  Engineering Bay  
  18  1:14  SCV  
  19  1:26  Marine  
  19  1:28  Supply Depot  
  19  1:30  Orbital Command  
  20  1:44  Marine  
  21  1:48  Factory  
  21  1:57  SCV  
  22  2:09  SCV  
  22  2:11  Barracks Reactor  
  23  2:17  Command Center  
  23  2:21  SCV  
  24  2:33  SCV, Factory Tech Lab  
  24  2:36  Supply Depot  
  25  2:48  Barracks  
  25  2:49  Marine x2  
  27  2:52  SCV, Cyclone  
  31  3:05  SCV  
  32  3:06  Marine  
  32  3:07  Refinery, Marine  
  33  3:17  SCV  
  34  3:24  Marine x2  
  34  3:27  Cyclone  
  39  3:34  Barracks Tech Lab  
  39  3:38  SCV, Orbital Command  
  40  3:42  Marine  
  40  3:43  Marine  
  42  3:50  SCV  
  43  3:56  Marine  
  43  4:00  Siege Tank, Marine  
  43  4:01  Marine  
  43  4:02  SCV  
  49  4:03  SCV  
  50  4:10  Supply Depot  
  50  4:14  SCV  
  50  4:15  Supply Depot, SCV  
  52  4:17  Marine  
  52  4:20  Stimpack  
  52  4:21  Marine  
  54  4:31  SCV x2, Marine  
  52  4:40  Marine  
  52  4:44  SCV x2, Marine  
  54  4:46  Siege Tank, Barracks  
  57  4:52  Supply Depot  
  57  4:54  Marine  
  57  4:56  SCV x2  
  57  4:57  Marine  
  61  5:00  Engineering Bay  
  61  5:06  Refinery, Marine  
  62  5:08  SCV  
  62  5:09  SCV  
  62  5:12  Marine  
  64  5:14  Supply Depot  
  64  5:15  Marine  
  64  5:20  SCV  
  64  5:21  Siege Tank  
  67  5:24  Marine  
  67  5:30  Marine  
  67  5:33  SCV, Bunker, Marine  
  70  5:36  SCV  
  70  5:37  Barracks Tech Lab  
  71  5:43  Refinery  
  71  5:45  SCV, Terran Infantry Weapons Level 1  
  71  5:48  Marine  
  73  5:52  Supply Depot  
  73  5:53  SCV  
  73  5:54  Marine  
  73  5:56  Marine  
  76  5:58  SCV  
  76  6:00  Combat Shield  
  77  6:05  SCV  
  77  6:11  Marauder x2  
  76  6:15  SCV  
  76  6:17  Marine x2  
  70  6:22  Starport  
  70  6:27  Supply Depot  
  70  6:29  Factory Reactor  
  70  6:32  Marauder  
  72  6:35  Marine x3  
  75  6:43  Supply Depot  
  75  6:44  Supply Depot  
  75  6:52  Marine  
  75  6:53  Command Center, Marine  
  75  6:54  Marauder x2  
  81  6:59  Concussive Shells  
  81  7:04  SCV x2  
  82  7:10  Marine x2  
  82  7:11  Medivac, Viking  
  88  7:17  Siege Tank  
  88  7:18  Marauder x2  
  94  7:24  SCV x2  
  96  7:33  Supply Depot, Marine, Barracks  
  96  7:34  Marine  
  96  7:35  Barracks  
  98  7:40  SCV  
  98  7:41  SCV  
  98  7:42  Medivac x2  
  104  7:45  Marauder  
  104  7:49  Marauder  
  108  7:54  Supply Depot  
  108  7:56  Marine  
  108  7:57  Marine  
  108  8:03  Siege Tank  
  111  8:08  SCV x2  
  117  8:12  Marauder  
  117  8:13  Marauder  
  117  8:15  Marine  
  117  8:17  Marine  
  119  8:20  SCV  
  119  8:22  SCV, Barracks Reactor  
  119  8:23  Barracks Tech Lab  
  119  8:30  Viking x2  
  121  8:39  Marauder, Marine  
  121  8:40  Marauder, Marine  
  117  8:42  Marine  
  117  8:44  Siege Tank  
  98  8:52  SCV x2  
  100  8:57  Marine x2  
  100  9:00  Marauder  
  100  9:01  Marauder, Marine x2  
  108  9:07  Marine  
Show
View Real Time Build Order
Export as new Build Order

PtitDrogo Protoss - Winner!

Build Orders: 1 Gate Expand, Blink Stalkers 

Get SALT Encoding   

  12  0:00  Probe  
  13  0:12  Probe  
  14  0:16  Pylon  
  14  0:24  Probe  
  15  0:34  Gateway  
  15  0:36  Probe (Chrono Boost)  
  16  0:46  Assimilator, Probe (Chrono Boost)  
  17  0:51  Probe (Chrono Boost)  
  18  1:03  Probe  
  19  1:18  Probe  
  20  1:25  Cybernetics Core  
  20  1:35  Probe  
  21  1:44  Nexus  
  21  1:49  Pylon  
  21  1:52  Probe  
  22  2:04  Assimilator, Probe (Chrono Boost)  
  22  2:12  Adept (Chrono Boost)  
  22  2:14  Probe (Chrono Boost)  
  25  2:19  Probe (Chrono Boost)  
  26  2:30  Warp Gate, Probe  
  27  2:40  Stalker  
  27  2:42  Probe  
  30  2:49  Gateway  
  30  2:56  Probe (Chrono Boost)  
  32  2:59  Probe (Chrono Boost)  
  32  3:00  Twilight Council  
  33  3:05  Probe (Chrono Boost)  
  33  3:08  Probe (Chrono Boost)  
  33  3:10  Probe (Chrono Boost)  
  35  3:15  Stalker  
  35  3:19  Probe  
  38  3:22  Probe  
  38  3:23  Shield Battery  
  39  3:29  Pylon  
  39  3:30  Blink (Chrono Boost)  
  39  3:32  Probe  
  40  3:35  Probe  
  41  3:44  Probe  
  41  3:47  Probe  
  43  3:59  Robotics Facility  
  43  4:00  Probe  
  44  4:06  Nexus  
  44  4:08  Pylon  
  44  4:10  Probe  
  44  4:12  Probe  
  46  4:18  Stalker x2  
  46  4:22  Assimilator, Probe  
  51  4:25  Assimilator  
  51  4:26  Probe  
  52  4:43  Stalker x2  
  52  4:44  Probe  
  52  4:45  Probe  
  56  4:47  Warp Prism  
  58  4:53  Pylon  
  58  4:56  Probe  
  58  4:57  Probe  
  58  4:59  Robotics Bay  
  60  5:07  Charge (Chrono Boost)  
  60  5:09  Probe x2  
  60  5:13  Pylon  
  62  5:16  Stalker x2  
  66  5:25  Immortal (Chrono Boost), Shield Battery  
  68  5:32  Pylon  
  68  5:39  Stalker x2  
  68  5:40  Probe  
  68  5:41  Probe  
  74  5:43  Probe  
  75  5:53  Probe x2  
  75  5:55  Probe  
  78  6:05  Probe x2  
  78  6:07  Probe  
  75  6:13  Colossus (Chrono Boost)  
  75  6:17  Probe  
  80  6:18  Probe  
  80  6:20  Extended Thermal Lance  
  80  6:22  Gateway  
  80  6:23  Gateway  
  81  6:25  Gateway  
  81  6:29  Gateway  
  81  6:31  Zealot, Probe x2, Sentry  
  87  6:34  Shield Battery  
  87  6:42  Probe, Pylon  
  87  6:43  Probe, Pylon  
  89  6:48  Pylon  
  89  6:51  Colossus (Chrono Boost)  
  89  6:52  Pylon  
  95  7:05  Assimilator  
  95  7:06  Assimilator, Templar Archives  
  95  7:08  Forge  
  95  7:12  Zealot x2  
  95  7:15  Probe x3  
  102  7:25  Zealot x4  
  102  7:29  Probe  
  112  7:30  Probe  
  112  7:33  Gateway  
  112  7:35  Stalker x2  
  116  7:37  Colossus (Chrono Boost)  
  116  7:38  Gateway  
  122  7:45  Pylon  
  122  7:52  Pylon  
  122  7:53  Pylon  
  122  7:55  Photon Cannon  
  122  8:08  Pylon  
  122  8:14  Pylon  
  122  8:24  Nexus  
  122  8:26  Zealot x6, Pylon  
  122  8:47  Stalker x8  
  112  9:12  Zealot x4  
  112  9:13  Zealot x4  

Tags
 
Add a new tag
Caveats
  • Supply blocks, unpowered buildings, or Contaminate may cause inaccurate times.
  • Supply counts are checked every 10 seconds.